 Dungeon Crawl Stone Soup version 0.22.1-1-ga44c0e56f4 (webtiles) character file.

54738 Narretz the Thaumaturge (level 14, -8/116 HPs)
             Began as a Mummy Conjurer on Oct 26, 2018.
             Was an Initiate of Gozag.
             Mangled by an entropy weaver (10 damage)
             ... on level 1 of the Spider Nest on Oct 27, 2018.
             The game lasted 04:35:32 (36593 turns).

Narretz the Thaumaturge (Mummy Conjurer)           Turns: 36593, Time: 04:35:33

Health: -8/116     AC:  6    Str: 11    XL:     14   Next: 35%
Magic:  5/31       EV: 16    Int: 18    God:    Gozag
Gold:   1503       SH:  0    Dex: 14    Spells: 10/40 levels left

rFire    . . .     SeeInvis .   w - staff of conjuration
rCold    + + .     Gourm    .   (no shield)
rNeg     + + +     Faith    .   n - +2 robe {rC+ rF+}
rPois    ∞         Spirit   .   (no helmet)
rElec    .         Reflect  .   b - +0 cloak
rCorr    +         Harm     .   L - +0 pair of gloves (curse)
MR       +....                  (no boots)
Stlth    +.........             B - amulet of Vitality {Regen+ HP+15}
HPRegen  0.69/turn              k - ring of flight
MPRegen  0.22/turn              G - ring of resist corrosion

@: confused
A: no food or potions, fire vulnerability, cold resistance 1, negative energy
resistance 3, torment resistance, unbreathing, in touch with death 1
a: Potion Petition, Call Merchant, Bribe Branch, Renounce Religion, Evoke Flight


You were on level 1 of the Spider Nest.
You worshipped Gozag.
Gozag was most pleased with you.
You were not hungry.

You visited 5 branches of the dungeon, and saw 22 of its levels.

You collected 6251 gold pieces.
You spent 1372 gold pieces at shops.
You paid 3376 gold pieces to Gozag.

Inventory:

Hand Weapons
 a - a +0 hunting sling of velocity
 t - a +2 dagger of speed
 E - the +3 long sword of Wu Jian {freeze, rElec rC+}
   (You found it on level 3 of the Lair of Beasts)

   It has been specially enchanted to freeze those struck by it, causing extra
   injury to most foes and up to half again as much damage against particularly
   susceptible opponents.
   It can also slow down cold-blooded creatures.
   It protects you from cold.
   It insulates you from electricity.
Missiles
 d - a javelin of returning
 g - 2 javelins (quivered)
 o - 107 sling bullets
 C - 211 arrows
Armour
 b - a +0 cloak (worn)
 m - a +2 robe of magic resistance
 n - a +2 robe of resistance (worn)
 L - a cursed +0 pair of gloves (worn)
Magical Staves
 w - an uncursed staff of conjuration (weapon)
 D - an uncursed staff of summoning
Jewellery
 k - a ring of flight (left hand)
 l - an uncursed amulet of the acrobat
 A - an uncursed amulet of faith
 B - the amulet of Vitality (around neck) {Regen+ HP+15}
   (You bought it in a shop on level 1 of the Lair of Beasts)

   [amulet of regeneration]

   It affects your health (+15).
   It increases your rate of regeneration.
 G - a ring of resist corrosion (right hand)
 J - an uncursed amulet of guardian spirit
Wands
 i - a wand of polymorph (39)
 p - a wand of iceblast (11)
 x - a wand of clouds (7)
Scrolls
 c - 8 scrolls of teleportation
 e - 3 scrolls of fog
 f - 2 scrolls of enchant weapon
 h - a scroll of silence {unknown}
 j - 4 scrolls of amnesia
 q - 8 scrolls of identify
 r - a scroll of random uselessness {unknown}
 s - a scroll of magic mapping {unknown}
 u - 2 scrolls of immolation
 v - 4 scrolls of remove curse
 y - a scroll of vulnerability
 H - a scroll of enchant armour {unknown}
 I - a scroll of fear
 K - a scroll of holy word {unknown}
Miscellaneous
 F - a crystal ball of energy


   Skills:
 + Level 6.3 Fighting
 + Level 4.8 Short Blades
 - Level 0.1 Staves
 + Level 0.5 Slings
 - Level 0.1(0.3) Throwing
 + Level 6.8 Dodging
 + Level 6.1 Stealth
 - Level 13.8 Spellcasting
 + Level 11.3 Conjurations
 + Level 8.2 Hexes
 + Level 1.7 Translocations
 - Level 7.1 Transmutations
 - Level 3.0 Earth Magic
 + Level 0.3 Evocations


You had 10 spell levels left.
You knew the following spells:

 Your Spells              Type           Power        Failure   Level  Hunger
a - Magic Dart            Conj           ####         1%          1    N/A
b - Dazzling Spray        Conj/Hex       ######       1%          3    N/A
c - Iskenderun's Mystic   Conj           ######..     1%          4    N/A
d - Searing Ray           Conj           ######       1%          2    N/A
e - Confuse               Hex            #####...     1%          3    N/A
f - Sticks to Snakes      Tmut           #####...     1%          2    N/A
g - Force Lance           Conj/Tloc      ######..     3%          4    N/A
h - Stone Arrow           Conj/Erth      ######       1%          3    N/A
i - Yara's Violent Unrav  Hex/Tmut       #####.....   6%          5    N/A
j - Tukima's Dance        Hex            #####...     1%          3    N/A

Your spell library contained the following spells:

 Spells                   Type           Power        Failure   Level  Hunger
 Confusing Touch          Hex            #####.       1%          1    N/A
 Corona                   Hex            #####..      1%          1    N/A
 Sandblast                Erth           ###...       1%          1    N/A
 Passwall                 Tmut/Erth      ####....     1%          2    N/A
 Cause Fear               Hex            #####.....   1%          4    N/A
 Fulminant Prism          Conj/Hex       ######....   1%          4    N/A
 Summon Guardian Golem    Hex/Summ       ####....     3%          3    N/A
 Petrify                  Tmut/Erth      ####....     7%          4    N/A
 Gell's Gravitas          Tloc           ###.......   8%          3    N/A
 Metabolic Englaciation   Hex/Ice        ####......   26%         5    N/A
 Lee's Rapid Deconstruct  Erth           ###.......   38%         5    N/A
 Beastly Appendage        Tmut           Unusable     N/A         1    N/A
 Spider Form              Tmut/Pois      Unusable     N/A         3    N/A
 Blade Hands              Tmut           Unusable     N/A         5    N/A
 Ice Form                 Ice/Tmut       Unusable     N/A         4    N/A

Dungeon Overview and Level Annotations

Branches:
Dungeon (13/15)            Temple (1/1) D:4            Lair (5/6) D:8
 Shoals (0/4) Lair:4       Spider (1/4) Lair:3        Slime (0/5) Lair:5
    Orc (2/2) D:12            Elf (0/3) Orc:2        Vaults (0/5) D:13

Altars:
Ashenzari
Cheibriados
Dithmenos
Elyvilon
Fedhas
Gozag
Hepliaklqana
Kikubaaqudgha
Makhleb
Nemelex Xobeh
Okawaru
Qazlal
Ru
Sif Muna
Trog
Uskayaw
Vehumet
Wu Jian
Xom
Yredelemnul
Zin
The Shining One
Beogh
Jiyva

Shops:
Orc:1 [   Orc:2 ([((   Lair:1 =

Annotations:
Lair:1 exclusion: 2 oklob plants
Lair:2 1 runed door, Bafeivaq's ghost, journeyman DsWz


Innate Abilities, Weirdness & Mutations

You do not eat or drink.
Your flesh is vulnerable to fire.
You are immune to poison.
Your flesh is cold resistant. (rC+)
You are immune to negative energy. (rN+++)
You are immune to unholy pain and torment.
You can survive without breathing.
You are in touch with the powers of death.


Message History

The entropy weaver hits you.
* * * LOW HITPOINT WARNING * * *
The entropy weaver hits you!
* * * LOW HITPOINT WARNING * * *
The entropy weaver closely misses you. The tarantella bites you.
* * * LOW HITPOINT WARNING * * *
You are more confused.
The entropy weaver barely misses you. The entropy weaver closely misses you.
The entropy weaver barely misses you. The entropy weaver misses you.
The tarantella misses you.
You're too confused!
Evoke which item? (* to show all) (? for menu, Esc to quit)
You're too confused!
The tarantella bites you.
* * * LOW HITPOINT WARNING * * *
You are more confused.
The entropy weaver barely misses you. The entropy weaver hits you!
You die...
Your body crumbles into a pile of gold.

#..... .....##
....# . ##..# ..#
##.#.#
#....###....##
....#..#[.(.$.#
!.>........sa.#
.#...#.##..@.##
.......^...###
..........## ..
......#.$## ..#
...#...$.# #...
#.......#####....
....#.#..#.#.....
$
....#.s......#...
....#...........#


You could see an entropy weaver and a tarantella.

Vanquished Creatures
  2 orc warlords
  Josephine (Lair:4)
  A hydra (Lair:4)
  A centaur warrior (D:13)
  An ogre mage (D:13)
  5 two-headed ogres
  Urug (D:13)
  5 orc high priests
  2 unseen horrors (D:13)
  5 orc knights
  A cyclops (D:11)
  A wolf spider (Spider:1)
  6 orc sorcerers (Orc:2)
  2 manticores
  An ugly thing (D:12)
  A manticore (shapeshifter) (D:12)
  7 black mambas
  Psyche (D:12)
  A gargoyle (D:11)
  A rime drake (Lair:3)
  5 spiny frogs
  2 demonic crawlers (Spider:1)
  4 komodo dragons
  A jumping spider (Spider:1)
  2 polar bears
  8 trolls
  Prince Ribbit (D:7)
  7 blink frogs
  7 hippogriffs
  Sigmund (D:3)
  3 tarantellas (Spider:1)
  3 redbacks
  5 wraiths
  A wyvern (Lair:4)
  15 yaks
  A basilisk (Lair:5)
  9 humans (D:13)
  14 wargs
  11 water moccasins
  6 porcupines
  37 orc warriors
  4 phantoms
  5 ice beasts
  2 sky beasts
  An eye of draining (D:9)
  A necrophage (D:10)
  20 ogres
  12 centaurs
  11 crocodiles
  4 wolves (Lair:2)
  9 bullfrogs
  4 wyvern zombies
  2 big kobolds
  3 gnoll sergeants
  5 scorpions
  8 killer bees
  12 howler monkeys
  6 wights
  4 crimson imps
  A bullfrog zombie (D:7)
  2 quasits
  2 centaur zombies
  37 orc priests
  6 hounds
  3 jellies
  4 bullfrog skeletons
  Crazy Yiuf (D:3)
  2 centaur skeletons
  12 orc wizards
  Terence (D:2)
  6 iguanas
  Ijyb (D:2)
  2 worker ants (D:12)
  2 worker ant zombies
  12 gnolls
  19 adders
  2 howler monkey skeletons
  3 shadow imps
  An ooze (D:5)
  An adder skeleton (D:8)
  3 worms
  5 dart slugs
  6 leopard geckos
  136 orcs
  6 bats
  7 giant cockroaches
  13 goblins
  9 hobgoblins
  12 jackals
  13 kobolds
  7 quokkas
  3 ball pythons
  6 frilled lizards
  A quokka zombie (D:9)
  4 rats
653 creatures vanquished.

Vanquished Creatures (collateral kills)
  An orc knight (Orc:2)
  A cyclops (D:12)
  2 jumping spiders
  2 redbacks
  6 humans (D:13)
  3 wargs (D:12)
  5 orc warriors
  2 centaurs
  A bullfrog (D:12)
  A hound (D:12)
  A worker ant (D:12)
  A hound zombie (D:11)
  5 orcs
31 creatures vanquished.

Vanquished Creatures (others)
  A dancing weapon (Orc:2)
  5 fungi (Lair:4)
  7 plants
13 creatures vanquished.

Grand Total: 697 creatures vanquished

Notes
Turn   | Place    | Note
-------+----------+-------------------------------------------
     0 | D:1      | Narretz the Mummy Conjurer began the quest for the Orb.
     0 | D:1      | Reached XP level 1. HP: 13/13 MP: 4/4
   129 | D:1      | Reached XP level 2. HP: 8/19 MP: 0/5
   338 | D:1      | Reached skill level 3 in Spellcasting
   442 | D:1      | Reached XP level 3. HP: 24/24 MP: 0/7
   562 | D:1      | Learned a level 3 spell: Dazzling Spray
   705 | D:2      | Found a blossoming altar of Fedhas.
  1171 | D:2      | Noticed Terence
  1215 | D:2      | Found a shimmering altar of Xom.
  1517 | D:3      | Noticed Sigmund
  1547 | D:2      | Reached XP level 4. HP: 27/30 MP: 1/9
  1582 | D:2      | Learned a level 4 spell: Iskenderun's Mystic Blast
  2296 | D:2      | Killed Terence
  2680 | D:3      | Found a hazy altar of Hepliaklqana.
  2756 | D:3      | Reached skill level 1 in Short Blades
  3650 | D:3      | Reached XP level 5. HP: 25/35 MP: 3/10
  3863 | D:2      | Reached skill level 4 in Spellcasting
  4134 | D:3      | Noticed Ijyb
  4706 | D:2      | Killed Ijyb
  5070 | D:3      | Found a runed door.
  5578 | D:4      | Noticed a phantom
  5824 | D:4      | Found a white marble altar of Elyvilon.
  5883 | D:4      | Found a staircase to the Ecumenical Temple.
  5895 | Temple   | Entered the Ecumenical Temple
  6030 | D:4      | Found an opulent altar of Gozag.
  6060 | D:4      | Became a worshipper of Gozag Ym Sagoz the Greedy
  6130 | D:4      | Noticed an ogre
  6219 | D:4      | Reached XP level 6. HP: 23/42 MP: 0/13
  6240 | D:4      | Reached skill level 5 in Spellcasting
  6240 | D:4      | Reached skill level 1 in Hexes
  6603 | D:4      | Reached XP level 7. HP: 26/47 MP: 0/15
  6863 | D:4      | Found a bloodstained altar of Trog.
  6918 | D:5      | Entered Level 5 of the Dungeon
  7285 | D:5      | HP: 1/47 [ogre/giant club (20)]
  7291 | D:5      | Reached skill level 1 in Fighting
  7291 | D:5      | Reached skill level 5 in Conjurations
  7750 | D:5      | Learned a level 2 spell: Searing Ray
  7775 | D:5      | Reached skill level 6 in Spellcasting
  8129 | D:3      | Found a basalt altar of Yredelemnul.
  8276 | D:3      | Noticed Crazy Yiuf
  8281 | D:3      | Killed Crazy Yiuf
  8347 | D:3      | Killed Sigmund
  8347 | D:3      | Reached XP level 8. HP: 54/54 MP: 6/17
  9000 | D:5      | Found an iron altar of Okawaru.
  9071 | D:5      | Found a deep blue altar of Sif Muna.
  9309 | D:5      | Reached skill level 7 in Spellcasting
  9969 | D:6      | Found a snail-covered altar of Cheibriados.
 10718 | D:7      | Reached XP level 9. HP: 43/59 MP: 8/20
 10759 | D:7      | Noticed Prince Ribbit
 10934 | D:7      | Killed Prince Ribbit
 10934 | D:7      | Reached skill level 8 in Spellcasting
 10950 | D:7      | Learned a level 3 spell: Confuse
 11055 | D:7      | Found an ancient bone altar of Kikubaaqudgha.
 11523 | D:8      | Found a staircase to the Lair.
 11852 | D:8      | Reached skill level 9 in Spellcasting
 12261 | D:9      | Noticed a troll
 12874 | D:8      | Killed a troll
 13269 | D:9      | Noticed a troll
 13313 | D:9      | Killed a troll
 13313 | D:9      | Reached XP level 10. HP: 68/68 MP: 6/23
 13687 | D:9      | Reached skill level 10 in Spellcasting
 13799 | D:9      | Found a stormy altar of Qazlal.
 14455 | D:10     | Entered Level 10 of the Dungeon
 15449 | D:11     | Noticed a cyclops
 15540 | D:11     | Noticed a gargoyle
 15857 | Lair:1   | Entered Level 1 of the Lair of Beasts
 16225 | Lair:1   | Noticed an oklob plant
 16225 | Lair:1   | Noticed an oklob plant
 16279 | Lair:1   | Noticed a black mamba
 16290 | Lair:1   | Killed a black mamba
 16290 | Lair:1   | Reached skill level 11 in Spellcasting
 16873 | Lair:1   | Reached XP level 11. HP: 14/75 MP: 6/26
 17377 | Lair:2   | Reached skill level 5 in Hexes
 18345 | Lair:2   | Reached skill level 5 in Dodging
 18674 | Lair:2   | Found a runed door.
 18674 | Lair:2   | Noticed Bafeivaq's ghost (journeyman DsWz)
 18955 | Lair:2   | Learned a level 2 spell: Sticks to Snakes
 18960 | Lair:2   | Learned a level 4 spell: Force Lance
 19162 | Lair:3   | Got an ebony long sword
 19163 | Lair:3   | Identified the +3 long sword of Wu Jian {freeze, rElec rC+}
                  | (You found it on level 3 of the Lair of Beasts)
 19345 | Lair:3   | Found a hole to the Spider Nest.
 19377 | Lair:3   | Learned a level 3 spell: Stone Arrow
 19483 | Lair:3   | Reached skill level 1 in Transmutations
 19496 | Lair:3   | Reached skill level 12 in Spellcasting
 20978 | Lair:4   | Noticed Josephine
 21278 | Lair:4   | Reached skill level 1 in Earth Magic
 21307 | Lair:4   | Reached XP level 12. HP: 75/84 MP: 6/28
 21818 | Lair:4   | Noticed an eight-headed hydra
 22790 | Lair:5   | Reached skill level 10 in Conjurations
 23243 | Lair:5   | Found a viscous altar of Jiyva.
 23243 | Lair:5   | Found a staircase to the Slime Pits.
 23391 | Lair:4   | Killed an eight-headed hydra
 23391 | Lair:4   | Reached skill level 5 in Stealth
 23564 | Lair:4   | Killed Josephine
 23819 | Lair:4   | Found a staircase to the Shoals.
 23924 | Spider:1 | Entered Level 1 of the Spider Nest
 25257 | D:12     | Found a staircase to the Orcish Mines.
 25556 | D:12     | Noticed Psyche
 25559 | D:12     | Killed Psyche
 25789 | D:12     | Reached skill level 1 in Translocations
 26353 | D:12     | Noticed a two-headed ogre
 26569 | D:12     | Killed a two-headed ogre
 26569 | D:12     | Reached skill level 5 in Fighting
 26569 | D:12     | Reached skill level 5 in Transmutations
 26781 | D:12     | Gained mutation: You are in touch with the powers of death.
                  | [Mummy growth]
 26781 | D:12     | Reached XP level 13. HP: 52/91 MP: 6/29
 28183 | D:12     | Noticed an orc warlord
 28423 | D:12     | You fall through a shaft!
 28996 | D:13     | Noticed Urug
 29020 | D:13     | Killed Urug
 29498 | D:13     | Learned a level 5 spell: Yara's Violent Unravelling
 29550 | D:13     | Found a gate to the Vaults.
 30334 | Lair:1   | Bought the amulet of Vitality {Regen+ HP+15} for 1185 gold
                  | pieces
 30334 | Lair:1   | Found the amulet of Vitality {Regen+ HP+15}
 30881 | D:12     | Killed an orc warlord
 31031 | Orc:1    | Entered Level 1 of the Orcish Mines
 31308 | Orc:1    | Found a roughly hewn altar of Beogh.
 31390 | Orc:1    | Found Foavy's Antique Armour Shoppe.
 31446 | Orc:1    | Bought a pair of embroidered gloves for 187 gold pieces
 31459 | Orc:1    | Found a roughly hewn altar of Beogh.
 31478 | Orc:1    | You fall through a shaft!
 31478 | Orc:2    | Entered Level 2 of the Orcish Mines
 32894 | Orc:2    | Found a roughly hewn altar of Beogh.
 32956 | Orc:2    | Reached skill level 13 in Spellcasting
 33132 | Orc:2    | Found Reset's Weapon Boutique.
 33270 | Orc:2    | Found Gumeghou's Antique Weapon Shop.
 33932 | Orc:2    | Reached XP level 14. HP: 77/100 MP: 16/31
 34295 | Orc:2    | Found a staircase to the Elven Halls.
 34437 | Orc:2    | Identified Beariosu's Catalogue of Curses
 34443 | Orc:2    | Learned a level 3 spell: Tukima's Dance
 34615 | Orc:2    | Noticed an orc warlord
 35005 | Orc:2    | Killed an orc warlord
 35130 | Orc:2    | Found a roughly hewn altar of Beogh.
 35927 | Orc:2    | Found Wetzahoff's Armour Shoppe.
 35976 | Orc:2    | Found Kualepn's Weapon Boutique.
 36458 | Spider:1 | Noticed an entropy weaver
 36592 | Spider:1 | HP: 5/116 [tarantella (5)]
 36593 | Spider:1 | HP: 2/116 [tarantella (3)]
 36593 | Spider:1 | Mangled by an entropy weaver

Skill      XL: |  1  2  3  4  5  6  7  8  9 10 11 12 13 14 |
---------------+-------------------------------------------+-----
Spellcasting   | 3 4 5 6 7 9 11 12 13 | 13.8
Conjurations   | 4 5 7 8 9 10 11 | 11.3
Stealth        | 2 3 4 5 6 |  6.1
Short Blades   | 1 2 3 4 |  4.8
Dodging        | 2 3 4 5 6 |  6.8
Hexes          | 1 3 4 7 8 |  8.2
Fighting       | 1 2 3 4 5 6 |  6.3
Transmutations | 2 5 7 |  7.1
Earth Magic    | 1 3 |  3.0
Translocations | 1 |  1.7
Staves         | |  0.1
Slings         | |  0.5
Throwing       | |  0.1
Evocations     | |  0.3

Action                   |  1- 3 |  4- 6 |  7- 9 | 10-12 | 13-15 || total
-------------------------+-------+-------+-------+-------+-------++-------
Melee: Dagger            |    50 |   203 |    54 |    94 |   268 ||   669
       Staff             |       |       |    31 |       |     6 ||    37
 Fire: Hunting sling     |       |       |     8 |       |       ||     8
Throw: Javelin           |    13 |    15 |     1 |    20 |    11 ||    60
 Cast: Magic Dart        |    82 |    96 |   208 |   348 |   139 ||   873
       Dazzling Spray    |     5 |    31 |    16 |     5 |    48 ||   105
       Iskenderun's Myst |       |    18 |    18 |    57 |    74 ||   167
       Searing Ray       |       |       |    46 |   110 |    49 ||   205
       Confuse           |       |       |     3 |    29 |    24 ||    56
       Stone Arrow       |       |       |       |   100 |   195 ||   295
       Sticks to Snakes  |       |       |       |    38 |    50 ||    88
       Force Lance       |       |       |       |    14 |    24 ||    38
       Tukima's Dance    |       |       |       |       |     2 ||     2
       Yara's Violent Un |       |       |       |       |     1 ||     1
Invok: Potion Petition   |       |       |     2 |     2 |     7 ||    11
       Call Merchant     |       |       |       |     1 |       ||     1
 Abil: Evoke Flight      |       |       |       |       |     2 ||     2
Evoke: Wand              |       |     6 |     5 |     8 |    26 ||    45
       Sack of spiders   |       |       |       |     2 |     6 ||     8
  Use: Scroll            |       |     7 |     4 |    10 |     3 ||    24
 Stab: Sleeping          |     1 |       |       |     3 |     4 ||     8
       Invisible         |       |     6 |     1 |       |     2 ||     9
       Distracted        |       |       |     1 |       |     3 ||     4
       Confused          |       |       |       |     3 |     6 ||     9
Armor: Robe              |    15 |    58 |    50 |    54 |    57 ||   234
Dodge: Dodged            |    38 |   164 |   128 |   259 |   313 ||   902
